General information
			
			
        
        - name: BNet
 
        - type: Ladder team game (AT/RT)
 
        - host: Battle.net
 
        - saver: Ricex
 
        
map: Monsoon 
        - players: 6
 
        - length: 20:03
 
        - speed: Fast
 - version: 1.22 W3XP
 - replay type:  Public
 
» download(187 KB)
Players
        team 1 (loser) 
              
              
000000000000009 (
yellow | 70 APM | 1390 actions | 19:59)
              
 3 Blademaster 
 2 Wind Walk
 1 Critical Strike
 3 Shadow Hunter 
 1 Hex
 2 Healing Wave
 
                » actions 
                
                | Assign group hotkey | 40 |  | 
| Basic commands | 11 |  | 
| Build / train | 57 |  | 
| Enter build submenu | 15 |  | 
| Enter hero's abilities submenu | 6 |  | 
| Give item / drop item | 1 |  | 
| Right click | 744 |  | 
| Select / deselect | 259 |  | 
| Select group hotkey | 188 |  | 
| Use ability | 69 |  | 
                1390 total
 » units 
                
                | Peon | 7 |  | 
| Grunt | 4 |  | 
| Shaman | 7 |  | 
| Tauren | 6 |  | 
| Troll Batrider | 9 |  | 
                33 total
 » upgrades
                
                | Shaman Training | 2 |  | 
| Armor | 1 |  | 
| Pulverize | 1 |  | 
                4 total
 » buildings
                
                | Altar of Storms | 1 |  | 
| Orc Burrow | 5 |  | 
| Barracks | 1 |  | 
| Voodoo Lounge | 1 |  | 
| Stronghold | 1 |  | 
| Spirit Lodge | 1 |  | 
| Fortress | 1 |  | 
| War Mill | 1 |  | 
| Tauren Totem | 2 |  | 
| Beastiary | 2 |  | 
                16 total
 » build order
                00:08 Altar of Storms
00:27 Orc Burrow
00:42 Barracks
01:36 Orc Burrow
02:14 Voodoo Lounge
03:21 Stronghold
05:09 Orc Burrow
06:08 Spirit Lodge
06:09 Fortress
06:49 War Mill
10:04 Tauren Totem
10:07 Tauren Totem
11:41 Orc Burrow
16:17 Beastiary
16:19 Beastiary
17:06 Orc Burrow
» items
                
                | Boots of Speed | 1 |  | 
| Healing Salve | 2 |  | 
| Potion of Healing | 2 |  | 
| Orb of Lightning | 1 |  | 
| Scroll of Town Portal | 2 |  | 
                8 total
  
               
              
              
» 
TIMG4STRok (
orange | 149 APM | 2980 actions | 20:01)
              
 3 Priestess of the Moon 
 2 Trueshot Aura
 1 Searing Arrows
 2 Pandaren Brewmaster 
 1 Breath of Fire
 1 Drunken Brawler
 
                » actions 
                
                | Assign group hotkey | 25 |  | 
| Basic commands | 107 |  | 
| Build / train | 58 |  | 
| ESC pressed | 2 |  | 
| Enter build submenu | 22 |  | 
| Enter hero's abilities submenu | 5 |  | 
| Give item / drop item | 3 |  | 
| Right click | 1574 |  | 
| Select / deselect | 254 |  | 
| Select group hotkey | 871 |  | 
| Use ability | 59 |  | 
                2980 total
 » units 
                
                | Wisp | 18 |  | 
| Huntress | 4 |  | 
| Dryad | 12 |  | 
| Archer | 3 |  | 
                37 total
 » upgrades
                
                | Ultravision | 1 |  | 
| Abolish Magic | 1 |  | 
| Strength of the Wild | 1 |  | 
| Reinforced Hides | 1 |  | 
| Nature's Blessing | 1 |  | 
                5 total
 » buildings
                
                | Altar of Elders | 1 |  | 
| Moon Well | 8 |  | 
| Hunter's Hall | 1 |  | 
| Ancient of War | 1 |  | 
| Tree of Ages | 1 |  | 
| Ancient of Lore | 3 |  | 
| Ancient Protector | 3 |  | 
| Tree of Life | 2 |  | 
                20 total
 » build order
                00:05 Altar of Elders
00:18 Moon Well
01:34 Hunter's Hall
01:36 Moon Well
01:58 Ancient of War
03:13 Tree of Ages
04:46 Moon Well
05:37 Ancient of Lore
05:38 Ancient of Lore
05:47 Moon Well
05:51 Moon Well
08:18 Ancient Protector
08:20 Ancient Protector
08:36 Ancient Protector
10:03 Ancient of Lore
10:14 Moon Well
11:13 Tree of Life
11:39 Moon Well
14:41 Moon Well
16:25 Tree of Life
» items
                
                | Boots of Speed | 1 |  | 
| Scroll of Town Portal | 2 |  | 
| Scroll of Speed | 1 |  | 
| Lesser Clarity Potion | 1 |  | 
| Healing Salve | 1 |  | 
| Orb of Lightning | 1 |  | 
| Scroll of Healing | 1 |  | 
                8 total
  
               
              
              
YEAHSHESASSBATS (
green | 123 APM | 2471 actions | 20:01)
              
 5 Death Knight 
 3 Death Coil
 2 Unholy Aura
 3 Lich 
 2 Frost Nova
 1 Dark Ritual
 1 Dreadlord 
 1 Sleep
 
                » actions 
                
                | Assign group hotkey | 25 |  | 
| Basic commands | 225 |  | 
| Build / train | 57 |  | 
| Enter build submenu | 14 |  | 
| Enter hero's abilities submenu | 11 |  | 
| Give item / drop item | 3 |  | 
| Right click | 1111 |  | 
| Select / deselect | 404 |  | 
| Select group hotkey | 527 |  | 
| Use ability | 94 |  | 
                2471 total
 » units 
                
                | Acolyte | 2 |  | 
| Ghoul | 2 |  | 
| Crypt Fiend | 8 |  | 
| Frost Wyrm | 6 |  | 
                18 total
 » upgrades
                
                | Burrow | 1 |  | 
| Web | 1 |  | 
| Creature Attack | 1 |  | 
| Creature Carapace | 2 |  | 
                5 total
 » buildings
                
                | Crypt | 1 |  | 
| Graveyard | 1 |  | 
| Altar of Darkness | 1 |  | 
| Ziggurat | 7 |  | 
| Tomb of Relics | 1 |  | 
| Nerubian Tower | 1 |  | 
| Halls of the Dead | 3 |  | 
| Black Citadel | 2 |  | 
| Sacrificial Pit | 1 |  | 
| Boneyard | 2 |  | 
| Spirit Tower | 1 |  | 
                21 total
 » build order
                00:05 Crypt
00:19 Graveyard
00:42 Altar of Darkness
00:47 Ziggurat
01:14 Tomb of Relics
01:50 Ziggurat
02:01 Nerubian Tower
04:23 Halls of the Dead
04:23 Halls of the Dead
04:39 Ziggurat
05:54 Ziggurat
07:35 Black Citadel
07:35 Black Citadel
08:04 Ziggurat
09:18 Sacrificial Pit
10:17 Boneyard
14:34 Ziggurat
14:50 Ziggurat
18:08 Boneyard
18:52 Spirit Tower
» items
                
                | Rod of Necromancy | 2 |  | 
| Dust of Appearance | 1 |  | 
| Healing Salve | 1 |  | 
| Lesser Clarity Potion | 1 |  | 
| Potion of Healing | 1 |  | 
| Scroll of Town Portal | 3 |  | 
| Scroll of Protection | 1 |  | 
| Orb of Corruption | 2 |  | 
| Potion of Mana | 1 |  | 
| Potion of Lesser Invulnerability | 1 |  | 
| Scroll of Healing | 1 |  | 
                15 total
  
               team 2 (winner) 
              
              
KODOS_FORSAKEN (
blue | 124 APM | 2485 actions | 20:02)
              
 4 Tauren Chieftain 
 2 War Stomp
 2 Endurance Aura
 3 Shadow Hunter 
 2 Hex
 1 Healing Wave
 
                » actions 
                
                | Assign group hotkey | 406 |  | 
| Basic commands | 23 |  | 
| Build / train | 70 |  | 
| Enter build submenu | 14 |  | 
| Enter hero's abilities submenu | 7 |  | 
| Give item / drop item | 1 |  | 
| Right click | 975 |  | 
| Select / deselect | 372 |  | 
| Select group hotkey | 510 |  | 
| Use ability | 107 |  | 
                2485 total
 » units 
                
                | Peon | 8 |  | 
| Troll Headhunter/Berserker | 21 |  | 
| Raider | 1 |  | 
| Kodo Beast | 1 |  | 
                31 total
 » upgrades
                
                | Ranged Weapons | 2 |  | 
| Armor | 2 |  | 
| Troll Regeneration | 1 |  | 
| Berserker Upgrade | 1 |  | 
| Ensnare | 1 |  | 
| Reinforced Defenses | 1 |  | 
                8 total
 » buildings
                
                | Altar of Storms | 2 |  | 
| Orc Burrow | 4 |  | 
| War Mill | 1 |  | 
| Barracks | 2 |  | 
| Voodoo Lounge | 1 |  | 
| Watch Tower | 2 |  | 
| Stronghold | 1 |  | 
| Fortress | 1 |  | 
| Beastiary | 1 |  | 
| Great Hall | 1 |  | 
                16 total
 » build order
                00:07 Altar of Storms
00:20 Orc Burrow
00:40 War Mill
01:09 Altar of Storms
01:35 Barracks
01:58 Orc Burrow
02:19 Barracks
02:59 Orc Burrow
03:22 Voodoo Lounge
05:48 Orc Burrow
07:18 Watch Tower
07:22 Watch Tower
07:58 Stronghold
15:06 Fortress
16:12 Beastiary
17:58 Great Hall
» items
                
                | Healing Salve | 3 |  | 
| Lesser Clarity Potion | 2 |  | 
| Potion of Healing | 1 |  | 
| Scroll of Protection | 3 |  | 
| Scroll of Healing | 2 |  | 
| Potion of Lesser Invulnerability | 1 |  | 
| Scroll of Town Portal | 2 |  | 
| Scroll of Speed | 1 |  | 
                15 total
  
               
              
              
» 
physicist (
teal | 93 APM | 1873 actions | 20:02)
              
 6 Priestess of the Moon 
 3 Trueshot Aura
 2 Scout
 1 Starfall
 
                » actions 
                
                | Assign group hotkey | 54 |  | 
| Basic commands | 49 |  | 
| Build / train | 87 |  | 
| Enter build submenu | 20 |  | 
| Enter hero's abilities submenu | 6 |  | 
| Give item / drop item | 3 |  | 
| Remove unit from queue | 1 |  | 
| Right click | 777 |  | 
| Select / deselect | 416 |  | 
| Select group hotkey | 366 |  | 
| Use ability | 94 |  | 
                1873 total
 » units 
                
                | Wisp | 41 |  | 
| Huntress | 7 |  | 
| Archer | 16 |  | 
| Druid of the Talon | 2 |  | 
| Faerie Dragon | 2 |  | 
| Dryad | 2 |  | 
                70 total
 » upgrades
                
                | Strength of the Moon | 1 |  | 
| Improved Bows | 1 |  | 
                2 total
 » buildings
                
                | Altar of Elders | 1 |  | 
| Moon Well | 4 |  | 
| Hunter's Hall | 1 |  | 
| Ancient of War | 3 |  | 
| Tree of Life | 3 |  | 
| Tree of Ages | 1 |  | 
| Ancient of Wind | 2 |  | 
| Ancient of Wonders | 1 |  | 
| Ancient of Lore | 3 |  | 
                19 total
 » build order
                00:05 Altar of Elders
00:18 Moon Well
01:44 Hunter's Hall
02:05 Ancient of War
02:30 Ancient of War
03:07 Moon Well
03:09 Moon Well
03:21 Moon Well
08:10 Tree of Life
08:43 Tree of Ages
11:44 Ancient of Wind
13:16 Ancient of War
13:45 Ancient of Wonders
14:27 Tree of Life
15:02 Ancient of Lore
17:48 Ancient of Lore
18:04 Tree of Life
18:36 Ancient of Lore
18:40 Ancient of Wind
» items
                
                | Scroll of Speed | 2 |  | 
| Healing Salve | 1 |  | 
| Scroll of Town Portal | 2 |  | 
| Scroll of Healing | 1 |  | 
                6 total
  
               
              
              
» 
Ricex (
purple | 102 APM | 2043 actions | 20:03)
              
 6 Death Knight 
 3 Death Coil
 3 Unholy Aura
 4 Lich 
 2 Frost Nova
 2 Frost Armor
 
                » actions 
                
                | Assign group hotkey | 27 |  | 
| Build / train | 67 |  | 
| ESC pressed | 1 |  | 
| Enter build submenu | 17 |  | 
| Enter hero's abilities submenu | 10 |  | 
| Give item / drop item | 2 |  | 
| Right click | 1126 |  | 
| Select / deselect | 288 |  | 
| Select group hotkey | 414 |  | 
| Use ability | 89 |  | 
                2043 total
 » units 
                
                | Acolyte | 7 |  | 
| Ghoul | 3 |  | 
| Crypt Fiend | 7 |  | 
| Frost Wyrm | 4 |  | 
                21 total
 » upgrades
                
                | Burrow | 1 |  | 
| Creature Carapace | 3 |  | 
| Web | 1 |  | 
| Creature Attack | 3 |  | 
| Freezing Breath | 1 |  | 
                9 total
 » buildings
                
                | Crypt | 1 |  | 
| Graveyard | 1 |  | 
| Ziggurat | 7 |  | 
| Altar of Darkness | 1 |  | 
| Nerubian Tower | 2 |  | 
| Tomb of Relics | 1 |  | 
| Necropolis | 1 |  | 
| Halls of the Dead | 2 |  | 
| Spirit Tower | 2 |  | 
| Black Citadel | 2 |  | 
| Sacrificial Pit | 2 |  | 
| Boneyard | 3 |  | 
                25 total
 » build order
                00:08 Crypt
00:19 Graveyard
00:38 Ziggurat
00:52 Altar of Darkness
01:32 Nerubian Tower
01:39 Ziggurat
01:52 Tomb of Relics
03:33 Ziggurat
05:36 Necropolis
05:51 Halls of the Dead
06:59 Ziggurat
07:00 Ziggurat
07:02 Ziggurat
07:04 Ziggurat
07:58 Spirit Tower
07:58 Nerubian Tower
07:59 Spirit Tower
08:18 Black Citadel
08:18 Black Citadel
09:37 Sacrificial Pit
09:39 Sacrificial Pit
10:44 Boneyard
10:46 Boneyard
11:05 Boneyard
» items
                
                | Rod of Necromancy | 1 |  | 
| Healing Salve | 1 |  | 
| Scroll of Town Portal | 3 |  | 
| Orb of Corruption | 2 |  | 
| Potion of Healing | 1 |  | 
| Scroll of Healing | 1 |  | 
| Potion of Mana | 1 |  | 
                10 total
  
                Chat log
          (00:08 / Allies) physicist: mass t1?
(00:08 / All) TIMG4STRok: ready to get stomped?
(00:09 / Allies) Ricex: no gimmick
(00:10 / Allies) physicist: we can't tower
(00:13 / Allies) KODOS_FORSAKEN: k
(00:20 / All) physicist: gl hf
(00:21 / All) physicist: i am manner
(00:23 / All) TIMG4STRok: kodos where are you
(00:24 / All) physicist: u be manner 2 pls
(00:25 / All) TIMG4STRok: gl hf physicist
(00:27 / All) KODOS_FORSAKEN: sup son
(00:33 / Allies) KODOS_FORSAKEN: scout
(00:34 / All) TIMG4STRok: still dodging 1v1?
(00:34 / Allies) KODOS_FORSAKEN: early
(00:39 / Allies) physicist: share
(00:44 / Allies) KODOS_FORSAKEN: im tc/hh
(00:45 / Allies) physicist: we're
(00:46 / Allies) physicist: k
(00:47 / Allies) physicist: i'll
(00:48 / Allies) physicist: potm
(00:48 / All) TIMG4STRok: take that as a yes........
(00:53 / Allies) physicist: rangecraft lolol
(00:55 / All) KODOS_FORSAKEN: you suck man
(01:01 / Allies) Ricex: this kid is so fucking annoying
(01:02 / All) physicist: i'll 1v1 you
(01:05 / All) TIMG4STRok: listen it's cool if i had to play a 240 apm player i'd probably dodge too.......
(01:16 / All) Ricex: kids like 10-7 solo
(01:17 / All) 000000000000009: is steven gibbs in this game
(01:19 / All) KODOS_FORSAKEN: apm means so much
(01:25 / All) TIMG4STRok: why do dodgers always get their buddies to play for them
(01:31 / All) TIMG4STRok: it's embarrassing for all parties envolved
(01:32 / All) physicist: its ok im black
(01:34 / All) physicist: black ppl can't play wc3
(01:58 / Allies) physicist: what were their races
(02:02 / Allies) KODOS_FORSAKEN: orc
(02:02 / Allies) KODOS_FORSAKEN: ud
(02:03 / Allies) KODOS_FORSAKEN: rand
(02:22 / Allies) physicist: share
(02:39 / Allies) KODOS_FORSAKEN: theyc oming
(02:41 / Allies) KODOS_FORSAKEN: i saw yellow
(02:47 / Allies) KODOS_FORSAKEN: mirror
(03:05 / All) physicist: fuck this im out
(03:10 / Allies) KODOS_FORSAKEN: well cas
(03:15 / Allies) KODOS_FORSAKEN: wells*
(04:30 / Allies) KODOS_FORSAKEN: help
(04:45 / Allies) physicist: rice
(04:46 / Allies) physicist: crepe to 3
(04:46 / Allies) KODOS_FORSAKEN: well dont tp..
(05:46 / Allies) physicist: k
(06:19 / Allies) physicist: k lets hit
(06:25 / Allies) Ricex: bm
(06:41 / Allies) KODOS_FORSAKEN: expo cas
(06:43 / Allies) physicist: k
(06:54 / Allies) physicist: i need a tp
(07:03 / Allies) KODOS_FORSAKEN: geeen
(07:04 / Allies) physicist: absetrade
(07:05 / Allies) KODOS_FORSAKEN: was here
(07:08 / Allies) physicist: ya
(08:04 / Allies) KODOS_FORSAKEN: expo
(08:23 / Allies) physicist: go
(08:24 / Allies) physicist: now
(08:47 / Allies) KODOS_FORSAKEN: panda
(09:05 / Allies) physicist: rice
(09:05 / Allies) physicist: bnm
(09:06 / Allies) physicist: bnm
(09:29 / Allies) KODOS_FORSAKEN: b
(09:35 / Allies) physicist: rice were you liek
(09:36 / Allies) physicist: afk
(09:38 / Allies) physicist: or minimized
(09:40 / Allies) Ricex: ?
(09:46 / Allies) KODOS_FORSAKEN: were fine
(09:48 / Allies) physicist: you were attacking a well
(09:48 / Allies) Ricex: what the fuck are you talking about
(09:51 / Allies) KODOS_FORSAKEN: cas scout there expos
(10:08 / Allies) physicist: i'll archer dott
(10:16 / Allies) physicist: gold
(10:17 / Allies) physicist: rice feed us
(10:24 / Allies) KODOS_FORSAKEN: some gold rice
(10:28 / Allies) KODOS_FORSAKEN: my base
(10:30 / Allies) Ricex: get hex
(10:41 / Allies) KODOS_FORSAKEN: i am
(10:41 / Allies) Ricex: dunno why youd get tc
(10:47 / Allies) KODOS_FORSAKEN: what
(10:50 / Allies) KODOS_FORSAKEN: we were massing
(10:50 / Allies) KODOS_FORSAKEN: ..
(10:52 / Allies) physicist: shockwave>stomp
(10:52 / Allies) Ricex: i need wood
(11:21 / Allies) KODOS_FORSAKEN: come
(11:25 / Allies) KODOS_FORSAKEN: wehn ur ready
(11:27 / Allies) physicist: rice rdy 4 tp
(11:36 / Allies) physicist: 100 wood
(12:42 / Allies) KODOS_FORSAKEN: mvoe aows
(13:31 / All) 000000000000009: thanks for the free win ladies
(13:36 / All) TIMG4STRok: 1v1 kodos?
(13:38 / Allies) physicist: grunts > hh
(13:39 / Allies) KODOS_FORSAKEN: make a shop
(13:56 / All) YEAHSHESASSBATS: Rofl
(14:02 / All) YEAHSHESASSBATS: some nigeger dispelled that
(14:34 / Allies) KODOS_FORSAKEN: rice creep reds if u can
(14:37 / Allies) physicist: wood
(15:16 / Allies) physicist: dk has invuln pot
(15:36 / Allies) physicist: wtf
(15:37 / Allies) physicist: ...
(15:38 / Allies) physicist: i had
(15:38 / Allies) physicist: lv l6
(15:41 / Allies) physicist: rice
(15:41 / Allies) physicist: wow
(15:48 / Allies) physicist: why would you take
(15:51 / Allies) physicist: tome from lvl 6 priestess
(15:59 / Allies) KODOS_FORSAKEN: b
(15:59 / Allies) KODOS_FORSAKEN: b
(16:22 / Allies) physicist: rice
(16:22 / Allies) physicist: srsly
(16:23 / Allies) physicist: .
(16:28 / Allies) Ricex: its just reaction
(16:42 / Allies) physicist: ok well
(16:43 / Allies) physicist: lvl 6 dk
(16:45 / Allies) physicist: is same as
(16:48 / Allies) physicist: \lv l5
(16:53 / Allies) physicist: lv l6 priestss = game winner
(16:54 / All) TIMG4STRok: sorry kodos takes a long time for hh to kill a main
(16:56 / Allies) physicist: i need a tp
(16:56 / Allies) KODOS_FORSAKEN: rice 2 tps
(16:57 / Allies) physicist: and destros
(17:05 / Allies) KODOS_FORSAKEN: wai for wyrms
(17:18 / Allies) physicist: tp
(17:18 / Allies) physicist: now
(17:19 / Allies) physicist: .
(18:03 / Allies) KODOS_FORSAKEN: lets counter
(18:05 / Allies) KODOS_FORSAKEN: all got tps
(18:07 / Allies) physicist: ya
(18:16 / Allies) physicist: all im gonna say
(18:17 / Allies) physicist: is
(18:19 / Allies) physicist: i could have had starfall
(18:23 / Allies) physicist: gold
(19:41 / Allies) KODOS_FORSAKEN: dkdkd
(19:53 / All) KODOS_FORSAKEN: gg guys
(19:56 / All) KODOS_FORSAKEN: wp
(19:58 / All) 000000000000009: talosn sucks lol lucky win
(20:00 / All) physicist: gg